 Dungeon Crawl Stone Soup version 0.16-a0-3178-g2c88c44 (webtiles) character file.

72 Malachi the Sneak (level 4, -4/37 HPs)
             Began as a Deep Dwarf Enchanter on Dec 16, 2014.
             Slain by Sigmund
             ... wielding a +0 scythe
              (10 damage)
             ... on level 3 of the Dungeon.
             The game lasted 00:04:00 (1964 turns).

Malachi the Sneak (Deep Dwarf Enchanter)            Turns: 1964, Time: 00:04:01

Health: -4/37      AC:  4    Str: 12    XL:     4   Next: 6%
Magic:  0/7        EV: 13    Int: 16    God:
Gold:   38         SH:  0    Dex: 13    Spells: 2 memorised, 4 levels left

rFire  + . .     SeeInvis .     h - +0 short sword (speed)
rCold  + . .     Clarity  .     b - +1 robe
rNeg   . . .     SustAb   .     (no shield)
rPois  +         Gourm    .     (no helmet)
rElec  +         Spirit   .     r - +0 cloak
rCorr  +         Warding  .     (no gloves)
rMut   .         Stasis   .     (no boots)
MR     .....                    (no amulet)
Stlth  +++.......               (no ring)
                                (no ring)

@: resistant, very slightly contaminated, non-regenerating, not resistant to
hostile enchantments, fairly stealthy
A: damage resistance, recharge devices, sense surroundings 1, slow healing 3
a: Device Recharging


You were on level 3 of the Dungeon.
You were not hungry.

You visited 1 branch of the dungeon, and saw 3 of its levels.

You collected 38 gold pieces.

Inventory:

Hand weapons
 a - a +1 dagger
 h - a +0 short sword of speed (weapon)
Armour
 b - a +1 robe (worn)
 r - a +0 cloak (worn)
Jewellery
 l - a cursed ring of teleportation {unknown}
Magical devices
 d - a wand of heal wounds (4)
Scrolls
 e - a scroll of recharging {unknown}
 g - a scroll of noise {unknown}
 i - 2 scrolls of enchant weapon {unknown}
 k - a scroll of teleportation {unknown}
 m - a scroll of magic mapping {unknown}
 n - a scroll of fear {unknown}
 o - a scroll of enchant armour {unknown}
 p - a scroll of amnesia {unknown}
Potions
 q - a potion of agility
 s - a potion of cancellation
Books
 c - a book of Maledictions

   Spells                             Type                      Level
   a - Corona                         Hexes                        1
   b - Sure Blade                     Hexes/Charms                 2
   c - Ensorcelled Hibernation        Hexes/Ice                    2
   d - Confuse                        Hexes                        3
   e - Dazzling Spray                 Conjuration/Hexes            3
   f - Enslavement                    Hexes                        4
Comestibles
 f - 2 bread rations


   Skills:
 + Level 0.6 Fighting
 + Level 0.8 Short Blades
 + Level 3.0 Dodging
 + Level 4.3 Stealth
 + Level 2.0 Spellcasting
 + Level 3.0 Hexes
 + Level 0.4 Evocations


You had 4 spell levels left.
You knew the following spells:

 Your Spells              Type           Power        Failure   Level  Hunger
a - Corona                Hex            ##.....      8%          1    #......
b - Ensorcelled Hibernat  Hex/Ice        #.....       17%         2    ###....


Dungeon Overview and Level Annotations

Branches:
Dungeon (3/15)

Altars:
Dithmenos
Gozag
Sif Muna

Annotations:
D:3 Sigmund


Innate Abilities, Weirdness & Mutations

You are resistant to damage.
You can recharge devices by infusing magical energy.
You passively map a small area around you.
You do not heal naturally.


Message History

Aiming: Ensorcelled Hibernation
Press: ? - help, Shift-Dir - straight line, f/p - Sigmund
Aim: Sigmund, wielding a scythe and wearing an embroidered robe Sigmund resists with almost no effort.
Drink which item? (? for menu, Esc to quit)
It was a potion of resistance.
You feel protected. Sigmund misses you.
Casting: Ensorcelled Hibernation
Confirm with . or Enter, or press ? or * to list all spells.
Aiming: Ensorcelled Hibernation
Press: ? - help, Shift-Dir - straight line, f/p - Sigmund
Aim: Sigmund, wielding a scythe and wearing an embroidered robe You miscast Ensorcelled Hibernation.
You are very lightly contaminated with residual magic.
Frost spreads across the the floor.
Sigmund casts a spell at you. The puff of flame misses you.
Sigmund hits you with a scythe!
You die...

#.#,,, #.#..>.. ###.###,
#.##...# * * ,S ......#
#.##...# .. #####.#
#......##########.. *
#.#.##................. , ,
#.# ........# #......# ,,
#.####......# #......#*,,..
#.....†.#...###......##.....
#.[.........@@.....!......#
,
##......#######.......#####
#......# #####.#.# #......#
, ....# #.......# *, ,....#
#.......# .....# , #.....).#
.....# * #####...# ......#
### ,,....# *


You could see Sigmund.

Vanquished Creatures
  2 adders
  A worm (D:2)
  A giant gecko (D:2)
  8 bats
  5 goblins
  9 hobgoblins
  5 giant newts
  10 kobolds
  4 rats
45 creatures vanquished.

Notes
Turn   | Place    | Note
--------------------------------------------------------------
     0 | D:1      | Malachi, the Deep Dwarf Enchanter, began the quest for the Orb.
     0 | D:1      | Reached XP level 1. HP: 15/15 MP: 2/2
   172 | D:1      | Reached XP level 2. HP: 13/22 MP: 3/3
   199 | D:1      | Learned a level 2 spell: Ensorcelled Hibernation
   376 | D:1      | Reached skill level 4 in Stealth
   912 | D:2      | Reached XP level 3. HP: 3/28 MP: 3/5
  1041 | D:2      | Found a deep blue altar of Sif Muna.
  1043 | D:2      | Found an opulent altar of Gozag.
  1137 | D:2      | Found a shadowy altar of Dithmenos.
  1783 | D:3      | Reached XP level 4. HP: 18/37 MP: 4/7
  1945 | D:3      | Noticed Sigmund
  1964 | D:3      | Slain by Sigmund

Action                   |  1- 3 |  4- 6 || total
-------------------------+-------+-------++-------
Melee: Dagger            |    13 |       ||    13
       Short sword       |   145 |    11 ||   156
 Cast: Corona            |     8 |       ||     8
       Ensorcelled Hiber |     5 |     3 ||     8
Evoke: Wand              |     1 |       ||     1
  Use: Potion            |     2 |     3 ||     5
 Stab: Sleeping          |     7 |       ||     7
       Distracted        |     1 |       ||     1
  Eat: Chunk             |     3 |     1 ||     4
